 Dungeon Crawl Stone Soup version 0.23.2-1-ga50397a6bc (webtiles) character file.

Game seed: 17871356977679083074

123 Mrkan the Chucker (level 4, -5/44 HPs)
             Began as a Troll Hunter on May 20, 2019.
             Was an Initiate of the Shining One.
             Slain by a worm (11 damage)
             ... on level 3 of the Dungeon.
             The game lasted 00:03:16 (1539 turns).

Mrkan the Chucker (Troll Hunter)                    Turns: 1539, Time: 00:03:17

Health: -5/44      AC:  6    Str: 21    XL:     4   Next: 80%
Magic:  3/3        EV: 10    Int:  7    God:    the Shining One [......]
Gold:   111        SH:  0    Dex: 10    Spells: 3/3 levels left

rFire    . . .     SeeInvis .   (no weapon)
rCold    . . .     Gourm    +   (no shield)
rNeg     . . .     Faith    .   b - +0 robe
rPois    .         Spirit   .   (helmet restricted)
rElec    .         Reflect  .   (no cloak)
rCorr    .         Harm     .   (gloves unavailable)
MR       .....                  (boots unavailable)
Stlth    +.........             (no amulet)
HPRegen  0.54/turn              (no ring)
MPRegen  0.08/turn              (no ring)

@: lethally poisoned (-5 -> -5), glowing
A: large, unfitting armour, claws 3, fast metabolism 3, gourmand, regeneration
1, shaggy fur 1, tough skin 3
a: Renounce Religion


You were on level 3 of the Dungeon.
You worshipped the Shining One.
The Shining One was noncommittal.
You were not hungry.

You visited 1 branch of the dungeon, and saw 3 of its levels.

You collected 111 gold pieces.

Inventory:

Missiles
 c - 5 large rocks (quivered)
 d - 2 throwing nets
 k - 7 tomahawks
 m - 3 tomahawks of returning
Armour
 b - a +0 robe (worn)
Scrolls
 a - 2 scrolls of fog {unknown}
 g - a scroll of identify {unknown}
 i - a scroll of enchant armour {unknown}
 j - a scroll of random uselessness {unknown}
 l - a scroll of magic mapping {unknown}
Potions
 e - 2 potions of agility {unknown}
 h - a potion of might {unknown}
 n - a potion of curing {unknown}
Comestibles
 f - 4 rations


   Skills:
 + Level 2.4 Fighting
 * Level 4.9 Throwing
 - Level 1.5 Dodging
 - Level 0.3 Stealth
 + Level 1.2 Invocations


You had 3 spell levels left.
You didn't know any spells.
Your spell library was empty.

Dungeon Overview and Level Annotations

Branches:
Dungeon (3/15)

Altars:
The Shining One


Innate Abilities, Weirdness & Mutations

You are too large for most types of armour.
You have claws for hands.
Your metabolism is lightning-fast.
You like to eat raw meat.
Your natural rate of healing is unusually fast.
You are covered in fur. (AC +1)
You have extremely tough skin. (AC +3)


Message History

The giant cockroach bites you.
You claw the worm!
The worm is heavily wounded.
The worm bites you!
* * * LOW HITPOINT WARNING * * *
The giant cockroach closely misses you.
You barely miss the worm.
The worm is heavily wounded.
You feel sick. The giant cockroach bites you.
* * * LOW HITPOINT WARNING * * *
The worm bites you.
* * * LOW HITPOINT WARNING * * *
You scratch the worm.
The worm is severely wounded.
The giant cockroach barely misses you.
You barely miss the worm.
The worm is severely wounded.
The giant cockroach bites you but does no damage.
The worm bites you!
You die...

#.##.###.### .# . #.#...
..#.. .. .###.#..# #.#.#
.# .#......###<#.# .#
.#...#.†....#.###.#
.....†..#...#.....#
........#.#...##.#######
...>..................?#
#...............@s.....(
............####w#####..
............. ....
###.................
............#####.##
.####.###...# ..
.....)....... ##
##.##(#.....#
.....(+.....#


You could see a worm and a giant cockroach.

Vanquished Creatures
  A worker ant (D:3)
  3 adders
  A worm (D:2)
  A dart slug (D:1)
  3 leopard geckos
  4 orcs (D:2)
  3 ball pythons
  4 giant cockroaches
  8 hobgoblins
  6 kobolds
  2 quokkas (D:2)
  5 bats
  6 frilled lizards
  5 goblins
  9 rats
61 creatures vanquished.

Notes
Turn   | Place    | Note
-------+----------+-------------------------------------------
     0 | D:1      | Mrkan the Troll Hunter began the quest for the Orb.
     0 | D:1      | Reached XP level 1. HP: 19/19 MP: 0/0
   123 | D:1      | Reached XP level 2. HP: 26/28 MP: 1/1
   174 | D:1      | Reached skill level 4 in Throwing
   302 | D:1      | Found a glowing golden altar of the Shining One.
   328 | D:1      | Became a worshipper of the Shining One
   547 | D:1      | Reached XP level 3. HP: 35/35 MP: 2/2
  1198 | D:2      | Reached XP level 4. HP: 39/42 MP: 3/3
  1429 | D:2      | Reached skill level 1 in Invocations
  1539 | D:3      | Slain by a worm

Skill      XL: |  1  2  3  4 |
---------------+-------------+-----
Throwing       | 4 |  4.9
Fighting       | 2 |  2.4
Invocations    | 1 |  1.2
Dodging        | |  1.5
Stealth        | |  0.3

Action                   |  1- 3 |  4- 6 || total
-------------------------+-------+-------++-------
Melee: Unarmed           |   153 |    31 ||   184
  Eat: Chunk             |     8 |     4 ||    12
Armor: Robe              |    76 |    15 ||    91
Dodge: Dodged            |    99 |    15 ||   114
